 Crawl Stoat Soup version 0.22-s0-48-g64bc621 (webtiles) character file.

130 Mikjall the Slasher (level 4, 0/34 HPs)
             Began as a Demonspawn Gladiator on Apr 8, 2021.
             Slain by Grinder (4 damage)
             ... on level 3 of the Dungeon on Apr 9, 2021.
             The game lasted 00:07:47 (1395 turns).

Mikjall the Slasher (Demonspawn Gladiator)          Turns: 1395, Time: 00:07:49

Health: 0/34       AC:  6    Str: 16    XL:     4   Next: 90%
Magic:  4/4        EV: 14    Int:  9    God:
Gold:   78         SH:  0    Dex: 14    Spells: 3/3 levels left

rFire    + . .     SeeInvis .   a - +0 long sword
rCold    + . .     Gourm    .   (no shield)
rNeg     . . .     Faith    .   u - +0 ring mail
rPois    .         Spirit   .   e - +0 helmet
rElec    .         Warding  .   h - scarf {rC+ rF+}
rCorr    .         Reflect  .   (no gloves)
MR       .....     Harm     .   (no boots)
Stlth    +.........             (no amulet)
HPRegen  0.11/turn              g - +2 ring of evasion
MPRegen  0.09/turn              (no ring)

@: no status effects
A: claws 1, hooves 1
a: no special abilities


You were on level 3 of the Dungeon.
You were not hungry.

You visited 1 branch of the dungeon, and saw 3 of its levels.

You collected 78 gold pieces.

Inventory:

Hand Weapons
 a - a +0 long sword (weapon)
 q - a +0 dagger of venom
 t - a +0 short sword of electrocution
Missiles
 d - 3 throwing nets (quivered)
Armour
 e - a +0 helmet (worn)
 h - a scarf of resistance (worn)
 u - a +0 ring mail (worn)
Jewellery
 g - a +2 ring of evasion (left claw)
Scrolls
 j - 3 scrolls of identify {unknown}
 l - a scroll of magic mapping {unknown}
 m - 3 scrolls of remove curse {unknown}
 o - a scroll of amnesia {unknown}
 p - a scroll of teleportation {unknown}
 r - a scroll of blinking {unknown}
 s - a scroll of noise {unknown}
Potions
 f - a potion of magic {unknown}
 i - 2 potions of curing
 k - a potion of haste {unknown}
 n - a potion of heal wounds {unknown}


   Skills:
 + Level 2.4 Fighting
 + Level 4.1 Long Blades
 + Level 2.2 Throwing
 + Level 0.9 Armour
 + Level 3.2 Dodging
 + Level 0.3 Stealth


You had 3 spell levels left.
You didn't know any spells.
Your spell library was empty.

Dungeon Overview and Level Annotations

Branches:
Dungeon (3/15)

Altars:
Xom

Annotations:
D:3 Grinder


Innate Abilities, Weirdness & Mutations

You have sharp fingernails.
You have large cloven feet.


Message History

You hit Grinder but do no damage. Your kick misses Grinder.
Grinder is moderately wounded.
Grinder closely misses you.
You hit Grinder. Your kick misses Grinder.
Grinder is heavily wounded.
Grinder barely misses you.
You riposte.
You slash Grinder! Your kick misses Grinder.
Grinder is severely wounded.
You closely miss Grinder. You kick Grinder, but do no damage.
Grinder is severely wounded.
Grinder gestures at you. Pain shoots through your body!
* * * LOW HITPOINT WARNING * * *
You slash Grinder!
Grinder is almost dead.
Grinder gestures at you. Pain shoots through your body!
* * * LOW HITPOINT WARNING * * *
Grinder hits you.
You die...

#.#......... ...#.# ..... #.
#.#.######## ##.#.# ...... #.#
#.#.## ##....###...... #.#
#....########..5...........
#.####.....†...............K....
......#...########.....##.......
#.###.##.## ##...## ##.....
#.###.##.##########h.## (...
#...............@5Kw## ###
#.###.#.############# .<# #.#.#
..# #.#.# ..# #.#.# ..# #.#.#
..# #.#.# ... #.#.# ... ...


You could see Grinder, a worm, a jackal and a kobold.

Vanquished Creatures
  An orc wizard (D:3)
  4 adders
  A worm (D:2)
  2 leopard geckos
  2 orcs (D:3)
  4 giant cockroaches (D:2)
  5 goblins
  7 hobgoblins
  6 jackals
  9 bats
  3 frilled lizards (D:1)
  6 kobolds
  7 rats
57 creatures vanquished.

Notes
Turn   | Place    | Note
-------+----------+-------------------------------------------
     0 | D:1      | Mikjall the Demonspawn Gladiator began the quest for the
                  | Orb.
     0 | D:1      | Reached XP level 1. HP: 16/16 MP: 1/1
   206 | D:1      | Gained mutation: You have large cloven feet. [demonic
                  | ancestry]
   206 | D:1      | Reached XP level 2. HP: 22/22 MP: 2/2
   247 | D:1      | Reached skill level 3 in Long Blades
   634 | D:2      | Gained mutation: You have sharp fingernails. [demonic
                  | ancestry]
   634 | D:2      | Reached XP level 3. HP: 27/27 MP: 3/3
   862 | D:2      | Reached XP level 4. HP: 5/33 MP: 4/4
  1251 | D:3      | Reached skill level 4 in Long Blades
  1333 | D:3      | Found a shimmering altar of Xom.
  1365 | D:3      | Noticed Grinder
  1395 | D:3      | Slain by Grinder

Vault maps used:
D:1:      grunt_arrival_crossed_arrows
D:2:      minmay_misc_feat_iff, hangedman_decor_push
D:3:      xom_teletrap_fun, first_bread, uniq_grinder

Skill      XL: |  1  2  3  4 |
---------------+-------------+-----
Throwing       | 2 |  2.2
Long Blades    | 3 4 |  4.1
Dodging        | 3 |  3.2
Fighting       | |  2.4
Armour         | |  0.9
Stealth        | |  0.3

Action                   |  1- 3 |  4- 6 || total
-------------------------+-------+-------++-------
Melee: Long sword        |    76 |    45 ||   121
       Kick              |    15 |    12 ||    27
  Use: Potion            |       |     1 ||     1
 Stab: Sleeping          |     1 |       ||     1
  Eat: Bread ration      |       |     1 ||     1
Armor: Leather armour    |    18 |     4 ||    22
       Ring mail         |       |     5 ||     5
Dodge: Dodged            |    65 |    43 ||   108
       Rpst.: Long sword |    23 |    14 ||    37

Table legend:
 A = Spawn XP
 B = Non-spawn XP
 C = Spawn XP percentage of total XP
 D = Spawn monster count
 E = Non-spawn monster count
 F = Spawn count percentage of total count
 G = Total turns spent on level
                    A         B        C        D         E        F      G
               +---------+---------+-------+---------+---------+-------+---------
         Total |       7 |     180 |   3.7 |       4 |      53 |   7.0 |  1395
               +---------+---------+-------+---------+---------+-------+---------
           D:1 |       0 |      23 |   0.0 |       0 |      17 |   0.0 |   548
           D:2 |       7 |      86 |   7.5 |       4 |      27 |  12.9 |   665
           D:3 |       0 |      71 |   0.0 |       0 |       9 |   0.0 |   182
               +---------+---------+-------+---------+---------+-------+---------
